 Dungeon Crawl Stone Soup version 0.31-a0-102-g33a4ccc0cb (webtiles) character file.

Game seed: 11595383990173008900

50292 Sobieck the Earth Mage (level 14, -7/70 HPs)
             Began as a Deep Elf Conjurer on May 26, 2023.
             Was an Elder of Vehumet.
             Mangled by a skyshark (9 damage)
             ... on level 5 of the Lair of Beasts.
             The game lasted 00:43:12 (20831 turns).

Sobieck the Earth Mage (Deep Elf Conjurer)         Turns: 20831, Time: 00:43:13

Health: -7/70      AC:  7    Str:  4    XL:     14   Next: 19%
Magic:  22/31      EV: 13    Int: 29    God:    Vehumet [****..]
Gold:   965        SH:  0    Dex: 16    Spells: 25/35 levels left

rFire   + . .        v - +8 longbow "Zephyr" {speed, Dex+3 SInv}
rCold   + . .        (shield currently unavailable)
rNeg    . . .        a - +2 robe {rC+}
rPois   .            L - +2 hat {SInv}
rElec   .            (no cloak)
rCorr   .            (no gloves)
SInv    +            C - +0 pair of boots
Will    ++...        (no amulet)
Stlth   ++           f - ring of protection from fire
HPRegen 0.31/turn    m - ring of willpower
MPRegen 0.22/turn

%: no passive effects
@: about to teleport
A: no striking features
a: Renounce Religion


You were on level 5 of the Lair of Beasts.
You worshipped Vehumet.
Vehumet was greatly pleased with you.
You visited 3 branches of the dungeon, and saw 17 of its levels.
You also visited: Sewer and Ice Cave.

You collected 965 gold pieces.

Inventory:

Hand Weapons
 v - the +8 longbow "Zephyr" (weapon) {speed, Dex+3 SInv}
   (You found it on level 7 of the Dungeon)

   Dex:       It affects your dexterity (+3).
   SInv:      It lets you see invisible.
 z - the +7 staff of the Meek {protect, meekguard}
   (You found it on level 5 of the Dungeon)
Missiles
 F - 3 curare-tipped darts
 Z - a throwing net
Armour
 a - a +2 robe of cold resistance (worn)
 j - a +0 pair of boots
 o - a +0 helmet
 s - a +1 helmet
 C - a +0 pair of boots (worn)
 G - a +0 kite shield of cold resistance
 I - the +1 ring mail of the Sultana {Int+6}
   (You found it in an ice cave)

   Int:       It affects your intelligence (+6).
 L - a +2 hat of see invisible (worn)
 U - the +0 leather armour of Parlour Games {Drain +Inv SInv}
   (You found it on level 3 of the Lair of Beasts)

   SInv:      It lets you see invisible.
   +Inv:      It lets you turn invisible.
   Drain:     It drains your maximum health when unequipped.
Magical Staves
 O - a staff of conjuration
Jewellery
 c - a ring of protection from cold
 f - a ring of protection from fire (left hand)
 m - a ring of willpower (right hand)
 D - a ring of ice
Wands
 l - a wand of light (10)
 t - a wand of roots (14)
 N - a wand of mindburst (6)
 P - a wand of paralysis (2)
 V - a wand of flame (7)
Scrolls
 i - 2 scrolls of enchant weapon
 k - 3 scrolls of poison
 w - 3 scrolls of vulnerability
 x - 2 scrolls of immolation
 y - a scroll of enchant armour
 J - 3 scrolls of amnesia
 K - 2 scrolls of fear {unknown}
 M - a scroll of magic mapping
 R - 2 scrolls of identify
 S - a scroll of brand weapon {unknown}
 T - a scroll of teleportation
Potions
 b - a potion of magic
 d - 2 potions of ambrosia
 e - 5 potions of attraction
 h - 3 potions of berserk rage
 n - 2 potions of invisibility
 p - a potion of lignification
 q - 3 potions of enlightenment
 r - 3 potions of mutation
 u - a potion of cancellation
 A - 3 potions of brilliance
 E - 3 potions of might
 H - a potion of haste
 Q - 9 potions of curing


   Skills:
 - Level 1.0 Fighting
 - Level 15.0 Ranged Weapons
 - Level 3.0 Dodging
 - Level 3.1 Stealth
 - Level 11.1 Spellcasting
 - Level 9.0 Conjurations
 - Level 9.0 Hexes
 - Level 4.0 Translocations
 + Level 18.9 Earth Magic


You had 25 spell levels left.
You knew the following spells:

 Your Spells              Type           Power      Damage    Failure   Level
b - Searing Ray           Conj           100%       2d8       1%          2
c - Fulminant Prism       Conj/Hex       28%        3d14      1%          4
d - Iskenderun's Mystic   Conj/Tloc      45%        2d10      1%          4

Your spell library contained the following spells:

 Spells                   Type           Power      Damage    Failure   Level
 Sticky Flame             Conj/Fire      34%        2d5       2%          4
 Magic Dart               Conj           100%       1d8       1%          1
 Dazzling Flash           Conj/Hex       100%       N/A       1%          3
 Portal Projectile        Hex/Tloc       90%        N/A       1%          3
 Leda's Liquefaction      Hex/Erth       36%        N/A       1%          4
 Frozen Ramparts          Ice            32%        1d5       2%          3
 Summon Guardian Golem    Hex/Summ       34%        N/A       2%          3
 Necrotise                Necr           64%        1d7       3%          1
 Summon Small Mammal      Summ           64%        N/A       3%          1
 Passage of Golubria      Tloc           39%        N/A       6%          4
 Call Canine Familiar     Summ           16%        N/A       10%         3
 Vampiric Draining        Necr           16%        2d7       10%         3
 Silence                  Hex/Air        17%        N/A       26%         5
 Lehudib's Crystal Spear  Conj/Erth      36%        10d9      30%         8
 Animate Dead             Necr           16%        N/A       32%         4
 Shatter                  Erth           45%        3d35*     32%         9
 Ice Form                 Ice/Tmut       8%         N/A       52%         4
 Summon Ice Beast         Ice/Summ       8%         N/A       52%         4
 Agony                    Necr           16%        N/A       67%         5
 Haunt                    Necr/Summ      4%         N/A       100%        7
 Infestation              Necr           8%         N/A       100%        8
 Chain Lightning          Conj/Air       17%        3d22      100%        9
 Fire Storm               Conj/Fire      17%        8d4       100%        9


Dungeon Overview and Level Annotations

Branches:
Dungeon (11/15)            Temple (1/1) D:7            Lair (5/5) D:11
  Swamp (0/4) Lair:2       Spider (0/4) Lair:3        Slime (0/5) Lair:5
    Orc (0/2) D:9           Sewer (visited)           IceCv (visited)

Altars:
Ashenzari
Cheibriados
Dithmenos
Elyvilon
Fedhas
Gozag
Hepliaklqana
Kikubaaqudgha
Makhleb
Nemelex Xobeh
Okawaru
Qazlal
Ru
Sif Muna
Trog
Uskayaw
Vehumet
Wu Jian
Xom
Yredelemnul
Zin
The Shining One
Jiyva

Annotations:
D:2 1 runed translucent door, Crazy Yiuf
D:4 1 transporter


Message History

The skyshark closely misses you.
Unknown command.
Casting: Iskenderun's Mystic Blast (dangerous; 1% risk of failure)
Confirm with . or Enter, or press ? or * to list all spells.
You erupt in a blast of force!
The mystic blast hits the plant!
The plant is moderately damaged.
The mystic blast hits the elephant.
The elephant is moderately wounded.
The mystic blast hits the skyshark!
The skyshark is moderately wounded.
The skyshark is knocked back by the mystic blast.
A nearby plant withers and dies.
Unknown command.
Blink to where?
Press: ? - help, Dir - move target
As you read the scroll of blinking, it crumbles to dust.
You feel much better.
You feel much better. The skyshark barely misses you.
The skyshark tail-slaps you.
The skyshark tail-slaps you but does no damage.
You feel much better. The skyshark bites you! The skyshark misses you.
The skyshark closely misses you. The skyshark bites you!!
The skyshark tail-slaps you. The skyshark barely misses you.
Unknown command.
Casting: Iskenderun's Mystic Blast (dangerous; 1% risk of failure)
Confirm with . or Enter, or press ? or * to list all spells.
You erupt in a blast of force!
The mystic blast hits the skyshark.
The skyshark is moderately wounded.
The skyshark bites you but does no damage.
The skyshark closely misses you. The skyshark tail-slaps you.
Unknown command.
As you read the scroll of teleportation, it crumbles to dust.
You feel strangely unstable. The skyshark bites you.
The skyshark closely misses you. The skyshark tail-slaps you.
The skyshark bites you.
* * * LOW HITPOINT WARNING * * *
The skyshark tail-slaps you!
* * * LOW HITPOINT WARNING * * *
The skyshark tail-slaps you.
* * * LOW HITPOINT WARNING * * *
Unknown command.
You feel much better. The skyshark bites you.
The skyshark tail-slaps you but does no damage.
The skyshark misses you. Magic courses through your body.
The skyshark bites you!
* * * LOW HITPOINT WARNING * * *
The skyshark barely misses you. The skyshark tail-slaps you!
* * * LOW HITPOINT WARNING * * *
The skyshark bites you!
You die...

♣.......†.......#
♣.P.^..<.......##
#.P............#
##...†.†......##
###....##....#
###.....#..###
♣.##.#.._..#.#.#
♣.....lY>...####
♣.....@....##
♣...#...##.# ♣♣
#.....# ###..##
♣... #..## ##..
.. #


You could see a skyshark (berserk) and an elephant.

Vanquished Creatures
  Gastronok (Lair:1)
  2 azure jellies (IceCv)
  A quicksilver ooze (IceCv)
  Fannar (Lair:1)
  A catoblepas (Lair:3)
  2 hydras
  Erica (Lair:1)
  5 two-headed ogres
  Urug (D:11)
  Sonja (Lair:1)
  Nergalle (Lair:1)
  3 skysharks
  Pikel (D:4)
  4 oklob plants (Lair:1)
  A manticore (D:9)
  2 elephants (Lair:5)
  3 black mambas
  2 ice statues (IceCv)
  A torpor snail (Lair:4)
  10 cane toads
  4 rime drakes
  5 komodo dragons
  2 ice devils (D:11)
  2 polar bears
  10 dream sheep (Lair:3)
  27 blink frogs
  Sigmund (D:4)
  A shadow (D:10)
  13 slime creatures (IceCv)
  A wraith (D:10)
  5 wyverns
  54 yaks
  Eustachio (D:5)
  4 basilisks
  4 steam dragons
  4 vampire mosquitoes (D:11)
  Menkaure (D:5)
  An acid dragon (D:11)
  8 water moccasins
  Edmund (D:6)
  Duvessa (D:6)
  A floating eye (Lair:1)
  A black bear (Lair:5)
  7 orc warriors
  5 sky beasts
  2 ice beasts
  4 great orb of eyes simulacra (IceCv)
  3 wolves (D:11)
  4 slime creature simulacra (IceCv)
  2 kobold brigands
  7 bullfrogs
  6 scorpions
  2 glowing shapeshifter simulacra (IceCv)
  Dowan (D:6)
  9 killer bees
  2 howler monkeys (D:9)
  3 vampire bats (D:5)
  A jelly (D:6)
  5 hounds
  10 orc priests
  2 iguanas
  12 orc wizards
  A hell rat (Sewer)
  5 shapeshifter simulacra (IceCv)
  Robin (D:2)
  14 gnolls
  8 adders
  An ufetubus (D:4)
  5 worms
  A dart slug (D:5)
  55 orcs
  4 bats
  3 bat skeletons (D:5)
  A bat zombie (D:5)
  11 endoplasms
  6 giant cockroaches
  22 goblins
  6 hobgoblins
  6 jackals
  4 quokkas
  9 ball pythons
  9 frilled lizards (D:1)
  22 kobolds
  9 rats
486 creatures vanquished.

Vanquished Creatures (others)
  113 fulminant prisms
113 creatures vanquished.

Grand Total: 599 creatures vanquished

Notes
Turn   | Place    | Note
-------+----------+-------------------------------------------
     0 | D:1      | Sobieck the Deep Elf Conjurer began the quest for the Orb.
     0 | D:1      | Reached XP level 1. HP: 10/10 MP: 6/6
   148 | D:1      | Reached XP level 2. HP: 15/15 MP: 0/8
   904 | D:1      | Reached XP level 3. HP: 19/19 MP: 8/10
  1695 | D:2      | Noticed Robin
  1808 | D:1      | Reached XP level 4. HP: 24/24 MP: 10/12
  1858 | D:1      | Learned a level 2 spell: Searing Ray
  1863 | D:1      | Learned a level 4 spell: Fulminant Prism
  1868 | D:1      | Learned a level 4 spell: Iskenderun's Mystic Blast
  1873 | D:2      | Killed Robin
  2071 | D:2      | Found a runed translucent door.
  2072 | D:2      | Noticed Crazy Yiuf
  2521 | D:3      | Reached skill level 1 in Hexes
  2612 | D:3      | Reached skill level 6 in Conjurations
  2775 | D:3      | Reached XP level 5. HP: 23/28 MP: 4/13
  3440 | D:3      | You fall into a shaft and drop 2 floors!
  3440 | D:5      | Entered Level 5 of the Dungeon
  3466 | D:4      | Noticed a lemure
  3468 | D:4      | Noticed Pikel
  3490 | D:5      | Found an ancient bone altar of Kikubaaqudgha.
  3586 | D:5      | Reached XP level 6. HP: 32/32 MP: 11/15
  3891 | D:5      | Reached skill level 3 in Hexes
  4063 | D:5      | Noticed Eustachio
  4085 | D:5      | Killed Eustachio
  4086 | D:5      | Reached XP level 7. HP: 33/36 MP: 3/17
  4369 | D:5      | Reached skill level 6 in Spellcasting
  4509 | D:4      | Killed Pikel
  4510 | D:4      | Reached XP level 8. HP: 41/41 MP: 10/20
  4615 | D:4      | Noticed Sigmund
  4630 | D:4      | Killed Sigmund
  4631 | D:4      | Reached skill level 9 in Conjurations
  4631 | D:4      | Reached skill level 6 in Hexes
  4891 | D:3      | Found an iron altar of Okawaru.
  4903 | D:3      | Found a hide-covered altar of Uskayaw.
  4903 | D:3      | Found a burning altar of Makhleb.
  4904 | D:3      | Found a white marble altar of Elyvilon.
  4954 | D:4      | Found a sparkling altar of Nemelex Xobeh.
  4954 | D:4      | Found a transporter.
  6190 | D:5      | Found the +7 staff of the Meek {protect, meekguard}
  6288 | D:5      | Noticed Menkaure
  6291 | D:5      | Killed Menkaure
  6292 | D:5      | Reached skill level 9 in Spellcasting
  6809 | D:6      | Reached XP level 9. HP: 43/45 MP: 10/24
  6896 | D:6      | Found a glowing drain.
  6975 | Sewer    | Entered a sewer
  7265 | D:6      | Found a glowing silver altar of Zin.
  7269 | D:6      | Found an opulent altar of Gozag.
  7330 | D:6      | Reached skill level 9 in Hexes
  7521 | D:6      | Found a basalt altar of Yredelemnul.
  7616 | D:6      | Noticed Duvessa
  7618 | D:6      | Noticed Edmund
  7622 | D:6      | Noticed Dowan
  7626 | D:6      | Killed Duvessa
  7850 | D:6      | Killed Edmund
  7878 | D:6      | Killed Dowan
  8274 | D:7      | Found the +8 longbow "Zephyr" {speed, Dex+3 SInv}
  8327 | D:7      | Reached skill level 1 in Ranged Weapons
  8327 | D:7      | Reached skill level 1 in Translocations
  8423 | D:7      | Found a staircase to the Ecumenical Temple.
  8433 | D:7      | Reached skill level 3 in Ranged Weapons
  8587 | Temple   | Entered the Ecumenical Temple
  8659 | Temple   | Became a worshipper of Vehumet
  8686 | D:7      | Reached skill level 3 in Translocations
  9150 | D:8      | Noticed a two-headed ogre
  9157 | D:8      | Killed a two-headed ogre
  9158 | D:8      | Reached skill level 6 in Ranged Weapons
  9436 | D:8      | Reached XP level 10. HP: 50/50 MP: 27/27
  9998 | D:8      | Noticed a two-headed ogre
 10008 | D:8      | Killed a two-headed ogre
 10009 | D:8      | Reached skill level 9 in Ranged Weapons
 10422 | D:9      | Noticed a manticore
 10866 | D:9      | Killed a manticore
 10943 | D:9      | Reached * piety under Vehumet
 10943 | D:9      | Offered knowledge of Foxfire by Vehumet.
 10973 | D:9      | Reached skill level 12 in Ranged Weapons
 11264 | D:9      | Offered knowledge of Static Discharge by Vehumet.
 11269 | D:9      | Reached ** piety under Vehumet
 11270 | D:9      | Reached XP level 11. HP: 54/54 MP: 28/28
 11284 | D:9      | Found a staircase to the Orcish Mines.
 11567 | D:10     | Entered Level 10 of the Dungeon
 11701 | D:10     | Noticed a two-headed ogre
 11717 | D:10     | Killed a two-headed ogre
 12118 | D:10     | Reached skill level 15 in Ranged Weapons
 12134 | D:10     | Reached skill level 3 in Stealth
 12137 | D:10     | Offered knowledge of Scorch by Vehumet.
 12138 | D:10     | Reached skill level 1 in Fighting
 12138 | D:10     | Reached skill level 3 in Dodging
 12673 | D:11     | Reached skill level 1 in Earth Magic
 12682 | D:11     | Reached skill level 2 in Earth Magic
 12712 | D:11     | Reached skill level 3 in Earth Magic
 12724 | D:11     | Reached skill level 4 in Earth Magic
 12802 | D:11     | Noticed a two-headed ogre
 12811 | D:11     | Killed a two-headed ogre
 12812 | D:11     | Reached skill level 5 in Earth Magic
 12851 | D:11     | Reached skill level 6 in Earth Magic
 12917 | D:11     | Noticed a two-headed ogre
 12922 | D:11     | Killed a two-headed ogre
 12959 | D:11     | Reached skill level 7 in Earth Magic
 12960 | D:11     | Found a frozen archway.
 13100 | IceCv    | Entered an ice cave
 13121 | IceCv    | Noticed a quicksilver ooze
 13127 | IceCv    | Killed a quicksilver ooze
 13128 | IceCv    | Reached skill level 8 in Earth Magic
 13134 | IceCv    | Reached *** piety under Vehumet
 13185 | IceCv    | Reached XP level 12. HP: 57/60 MP: 23/29
 13329 | IceCv    | Reached skill level 9 in Earth Magic
 13477 | IceCv    | Offered knowledge of Stone Arrow by Vehumet.
 13488 | IceCv    | Reached skill level 10 in Earth Magic
 13676 | IceCv    | Noticed an azure jelly
 13699 | IceCv    | Killed an azure jelly
 13700 | IceCv    | Reached skill level 11 in Earth Magic
 13924 | IceCv    | Noticed an azure jelly
 13939 | IceCv    | Killed an azure jelly
 13983 | IceCv    | Found a viscous altar of Jiyva.
 14001 | IceCv    | Identified the +1 ring mail of the Sultana {Int+6}
 14416 | D:11     | Reached skill level 12 in Earth Magic
 14492 | D:11     | Noticed Urug
 14505 | D:11     | Killed Urug
 14617 | D:11     | Found a staircase to the Lair.
 14976 | Lair:1   | Entered Level 1 of the Lair of Beasts
 15105 | Lair:1   | Noticed Erica
 15115 | Lair:1   | Killed Erica
 15245 | Lair:1   | Noticed Sonja
 15250 | Lair:1   | Killed Sonja
 15251 | Lair:1   | Reached skill level 13 in Earth Magic
 15350 | Lair:1   | Reached **** piety under Vehumet
 15429 | Lair:1   | Noticed Gastronok
 15576 | Lair:1   | Noticed Nergalle
 15588 | Lair:1   | Killed Nergalle
 15890 | Lair:1   | Reached skill level 14 in Earth Magic
 15974 | Lair:1   | Offered knowledge of Freezing Cloud by Vehumet.
 15975 | Lair:1   | Reached XP level 13. HP: 64/64 MP: 30/30
 16027 | Lair:1   | Killed Gastronok
 16292 | Lair:1   | Noticed Fannar
 16310 | Lair:1   | Killed Fannar
 17098 | Lair:1   | Reached skill level 15 in Earth Magic
 17418 | Lair:2   | Found a staircase to the Swamp.
 18161 | Lair:3   | Reached skill level 16 in Earth Magic
 18451 | Lair:3   | Reached ***** piety under Vehumet
 18547 | Lair:3   | Offered knowledge of Sticky Flame by Vehumet.
 18583 | Lair:3   | Reached skill level 17 in Earth Magic
 18984 | Lair:3   | Identified the +0 leather armour of Parlour Games {Drain
                  | +Inv SInv}
 19145 | Lair:3   | Found a hole to the Spider Nest.
 19456 | Lair:4   | Reached skill level 18 in Earth Magic
 19546 | Lair:4   | Reached XP level 14. HP: 70/70 MP: 27/31
 20639 | Lair:5   | Entered Level 5 of the Lair of Beasts
 20734 | Lair:5   | Found a viscous altar of Jiyva.
 20734 | Lair:5   | Found a staircase to the Slime Pits.
 20831 | Lair:5   | HP: 2/70 [skyshark (11)]
 20831 | Lair:5   | Mangled by a skyshark

Illustrated notes

Levels and vault maps discovered:
D:1:      zaba_arrival_water, layout_loops_ring, minmay_lizard_king
D:2:      layout_basic, minmay_misc_feat_chi, nicolae_kite_square_tiling_tiny,
          uniq_crazy_yiuf_cottage, uniq_robin
D:3:      layout_loops_ring, minitemple, nicolae_figureground_sparkle
D:4:      layout_cave_pools, grunt_nemelex_the_gamble, uniq_pikel, uniq_sigmund
D:5:      layout_basic, kennysheep_vampire_church, pf_guarded_unrand_meek,
          uniq_eustachio, uniq_menkaure
D:6:      layout_basic, grunt_temple_overflow_gold_and_silver,
          lemuel_round_altar, gup_sewer_entry_glass, uniq_duvessa, uniq_edmund
D:7:      layout_loops_ring, minmay_temple_entry_statues_fountains, hex_medium
D:8:      layout_basic, kennysheep_generic_room_8
D:9:      layout_cave_pools, david_orc_4
D:10:     layout_stronghold, hangedman_misty_isle
D:11:     layout_grid_maze, hellmonk_lair_entry_icy,
          portal_ice_cave_demonic_guard, uniq_urug
Temple:   nicolae_temple_bog_church
Lair:1:   layout_roguey, disabler_island, serial_bayou_shore_b,
          infiniplex_staircase_pool_2, uniq_fannar, uniq_gastronok, uniq_sonja,
          uniq_nergalle, uniq_erica
Lair:2:   layout_roguey, swamp_mist_pool, infiniplex_staircase_pool
Lair:3:   layout_roguey, nicolae_spider_entry_non_spiders, grunt_megastairs_3
Lair:4:   layout_cave_pods, grunt_megastairs_2
Lair:5:   minmay_lair_end_enchanted_forest, layout_cave_pods, slime_entry_1,
          grunt_megastairs_5

Skill      XL: |  1  2  3  4  5  6  7  8  9 10 11 12 13 |
---------------+----------------------------------------+-----
Conjurations   | 5 6 7 8 9 |  9.0
Spellcasting   | 4 5 7 9 11 | 11.1
Hexes          | 1 2 3 5 8 9 |  9.0
Ranged Weapons | 6 13 15 | 15.0
Translocations | 4 |  4.0
Stealth        | 3 |  3.1
Fighting       | 1 |  1.0
Dodging        | 3 |  3.0
Earth Magic    | 8 14 18 | 18.9

Action                     |  1- 3 |  4- 6 |  7- 9 | 10-12 | 13-15 || total
---------------------------+-------+-------+-------+-------+-------++-------
  Melee: Unarmed           |       |     4 |       |       |       ||     4
         Quarterstaff      |       |       |     6 |       |       ||     6
   Fire: Longbow           |       |       |    30 |   520 |   425 ||   975
   Cast: Magic Dart        |    95 |    88 |    69 |       |       ||   252
         Searing Ray       |       |    17 |    15 |       |       ||    32
         Fulminant Prism   |       |       |    37 |    55 |    21 ||   113
         Iskenderun's Myst |       |       |     3 |    31 |    54 ||    88
    Use: Scroll            |       |       |    21 |     5 |     3 ||    29
         Potion            |       |       |       |     1 |     5 ||     6
 Armour: Robe              |     3 |     6 |    13 |     9 |    13 ||    44
  Dodge: Dodged            |     7 |    21 |    25 |    28 |    30 ||   111

Table legend: (Time is in decaauts)
 A = Elapsed time spent in this place.
 B = Non-inter-level travel time spent in this place.
 C = Inter-level travel time spent in this place.
 D = Time resting spent in this place.
 E = Time spent auto-exploring this place.
 F = Levels seen in this place.
 G = Mean time per level.
                   A        B        C        D        E       F      G
               +--------+--------+--------+--------+--------+-----+--------+
         Total |  20573 |  19898 |    675 |   4243 |  12561 |  19 | 1082.8 |
       Dungeon |  13574 |  13092 |    482 |   1957 |   9458 |  11 | 1234.0 |
        Temple |     89 |     74 |     15 |      0 |     60 |   1 |   89.0 |
          Lair |   5705 |   5527 |    178 |   1823 |   2832 |   5 | 1141.0 |
         Sewer |    263 |    263 |      0 |     77 |    139 |   1 |  263.0 |
      Ice Cave |    942 |    942 |      0 |    386 |     71 |   1 |  942.0 |
               +--------+--------+--------+--------+--------+-----+--------+

Top non-repeatable levels by time:
  Lair:1: 2244 daAuts
     D:5: 2028 daAuts
     D:8: 1404 daAuts
  Lair:4: 1342 daAuts
     D:3: 1321 daAuts
    D:11: 1294 daAuts
  Lair:3: 1262 daAuts
     D:2: 1256 daAuts
     D:6: 1242 daAuts
     D:1: 1199 daAuts
    D:10: 1067 daAuts
     D:9: 1003 daAuts
     D:4: 955 daAuts
   IceCv: 942 daAuts
     D:7: 800 daAuts
